 Dungeon Sprint DCSS version 0.21-a0-297-ga3d34c2 (webtiles) character file.

196 Kidiri the Thaumaturge (level 5, -8/28 HPs)
             Began as a Deep Elf Fire Elementalist on Sept 28, 2017.
             Was an Initiate of Vehumet.
             Killed from afar by a deep elf mage (32 damage)
             ... with a bolt of fire
             ... in the Dungeon (Sprint III: "The Ten Rune Challenge").
             The game lasted 00:03:18 (373 turns).

Kidiri the Thaumaturge (Deep Elf Fire Elementalist)  Turns: 373, Time: 00:03:19

Health: -8/28      AC:  5    Str:  5    XL:     5   Next: 46%
Magic:  16/20      EV: 13    Int: 21    God:    Vehumet [......]
Gold:   40         SH:  0    Dex: 15    Spells: 7/25 levels left

rFire    . . .     SeeInvis .   k - +0 dagger
rCold    . . .     Gourm    .   (no shield)
rNeg     . . .     Faith    .   a - +0 robe
rPois    .         Spirit   .   (helmet restricted)
rElec    .         Reflect  .   (no cloak)
rCorr    .         Harm     .   (no gloves)
MR       .....     NoTele   +   (no boots)
Stlth    ++........             (no amulet)
HPRegen  0.09/turn              (no ring)
MPRegen  0.17/turn              (no ring)

@: no status effects
A: antennae 1, rugged brown scales 1, yellow scales 1
a: Renounce Religion


You were in the Dungeon.
You worshipped Vehumet.
Vehumet was noncommittal.
You were not hungry.

You visited 1 branch You collected 40 gold pieces.

Inventory:

Hand Weapons
 k - a +0 dagger (weapon)
Armour
 a - a +0 robe (worn)
Scrolls
 i - a scroll of blinking
 l - a scroll of holy word {unknown}
 m - 4 scrolls of identify
 n - 2 scrolls of remove curse {unknown}
 q - a scroll of torment {unknown}
Potions
 d - a potion of curing
 e - a potion of heal wounds
 f - a potion of haste
 g - 2 potions of magic
 h - a potion of berserk rage
 p - 2 potions of flight
 s - a potion of brilliance {unknown}
 t - a potion of mutation
Comestibles
 c - a bread ration
 o - a royal jelly
 r - a meat ration


   Skills:
 - Level 2.4 Dodging
 - Level 2.4 Stealth
 * Level 10.8 Spellcasting
 + Level 6.1 Conjurations
 + Level 7.0 Fire Magic


You had 7 spell levels left.
You knew the following spells:

 Your Spells              Type           Power        Failure   Level  Hunger
a - Flame Tongue          Conj/Fire      #####        1%          1    None
b - Throw Flame           Conj/Fire      #####.       1%          2    None
c - Conjure Flame         Conj/Fire      #####...     1%          3    None
d - Inner Flame           Hex/Fire       ####....     4%          3    None
e - Sticky Flame          Conj/Fire      #####...     3%          4    ##.....
f - Fireball              Conj/Fire      #####.....   11%         5    ####...


Dungeon Overview and Level Annotations

Branches:
Dungeon (1/1)

Altars:
Elyvilon
Kikubaaqudgha
Sif Muna
Vehumet
Zin
The Shining One


Innate Abilities, Weirdness & Mutations

You have a pair of small antennae on your head.
You are partially covered in rugged brown scales. (AC +1, +3% HP)
You are partially covered in yellow scales. (AC +2)


Message History

A deep elf mage comes into view.
It is wielding a long sword of holy wrath.
Found a potion of heal wounds.
Found two altars.
There is an open door here.
Casting: Flame Tongue
Confirm with . or Enter, or press ? or * to list all spells.
Aiming: Sticky Flame
Press: ? - help, Shift-Dir - straight line, f - deep elf mage
Aim: a deep elf mage, wielding a long sword of holy wrath (resting)
The sticky flame hits the deep elf mage.
The deep elf mage is lightly wounded.
The deep elf mage shouts!
The deep elf mage is covered in liquid flames!
The deep elf mage burns!
The deep elf mage hits you with a long sword of holy wrath.
Unknown command.
The deep elf mage burns!
The deep elf mage casts a spell at you. The bolt of fire hits you!
Ouch! That really hurt!
You die...

▓▓▓▓▓▓ ▓▓▓ .+...♣♣♣♣
♣.##### .#......♣
♣.#___# ##......♣
♣♣.#e..#
.#....≈♣♣♣♣..###@#+###+
.#...≈≈♣♣♣...#..........
[#%.≈≈≈≈.....'.⌠........
'#..≈≈≈≈≈≈.♣.#...######+
.#.≈≈≈≈≈≈....#.⌠.#
.#.≈≈≈≈≈.....#...#
.#.≈≈≈.......#+###
##...........#.:.#{
.............#___#


You could see a deep elf mage (burning).

Vanquished Creatures
  A water elemental (D)
  A scorpion (D)
  A wizard (D)
  Jessica (D)
  A human (D)
  A kobold demonologist (D)
  3 rats (D)
9 creatures vanquished.

Vanquished Creatures (others)
  2 draconian scorchers (D)
  5 hellions (D)
  A yaktaur (D)
  4 plants (D)
12 creatures vanquished.

Grand Total: 21 creatures vanquished

Notes
Turn   | Place    | Note
-------+----------+-------------------------------------------
     0 | D        | Kidiri the Deep Elf Fire Elementalist began the quest for the Orb.
     0 | D        | Reached XP level 1. HP: 10/10 MP: 6/6
    35 | D        | Noticed Jessica
    39 | D        | Killed Jessica
    39 | D        | Reached skill level 6 in Spellcasting
    39 | D        | Reached XP level 2. HP: 15/15 MP: 2/11
    43 | D        | Learned a level 2 spell: Throw Flame
    75 | D        | Killed a yaktaur
    81 | D        | Killed a hellion
    94 | D        | Killed a hellion
   105 | D        | Killed a hellion
   106 | D        | Killed a hellion
   123 | D        | Noticed a scorpion
   125 | D        | Killed a hellion
   127 | D        | Killed a scorpion
   127 | D        | Reached skill level 8 in Spellcasting
   127 | D        | Reached skill level 5 in Fire Magic
   127 | D        | Reached XP level 3. HP: 19/19 MP: 8/14
   127 | D        | Reached XP level 4. HP: 24/24 MP: 9/16
   132 | D        | Learned a level 3 spell: Conjure Flame
   136 | D        | Learned a level 3 spell: Inner Flame
   141 | D        | Learned a level 4 spell: Sticky Flame
   163 | D        | Gained mutation: Your body sometimes deteriorates upon taking damage. [potion of mutation]
   163 | D        | Gained mutation: Your spells are a little harder to cast, but a little more powerful. [potion of mutation]
   164 | D        | Lost mutation: Your body sometimes deteriorates upon taking damage. [potion of mutation]
   164 | D        | Lost mutation: Your spells are a little harder to cast, but a little more powerful. [potion of mutation]
   164 | D        | Gained mutation: Your skin changes colour to match your surroundings (Stealth+). [potion of mutation]
   164 | D        | Gained mutation: You are partially covered in molten scales. (AC +2) [potion of mutation]
   165 | D        | Lost mutation: You are partially covered in molten scales. (AC +2) [potion of mutation]
   165 | D        | Gained mutation: You have a pair of small antennae on your head. [potion of mutation]
   165 | D        | Gained mutation: Your muscles are strong. (Str +2) [potion of mutation]
   165 | D        | Gained mutation: You possess an exceptional clarity of mind. [potion of mutation]
   165 | D        | Gained mutation: You are resistant to electric shocks. (rElec) [potion of mutation]
   166 | D        | Lost mutation: You are resistant to electric shocks. (rElec) [potion of mutation]
   166 | D        | Lost mutation: You possess an exceptional clarity of mind. [potion of mutation]
   166 | D        | Lost mutation: Your skin changes colour to match your surroundings (Stealth+). [potion of mutation]
   166 | D        | Lost mutation: Your muscles are strong. (Str +2) [potion of mutation]
   166 | D        | Gained mutation: Scrolls take you a little longer to read. [potion of mutation]
   166 | D        | Gained mutation: You are partially covered in yellow scales. (AC +2) [potion of mutation]
   166 | D        | Gained mutation: You passively map a small area around you. [potion of mutation]
   166 | D        | Gained mutation: You have large cloven feet. [potion of mutation]
   167 | D        | Lost mutation: You passively map a small area around you. [potion of mutation]
   167 | D        | Lost mutation: Scrolls take you a little longer to read. [potion of mutation]
   167 | D        | Lost mutation: You are partially covered in yellow scales. (AC +2) [potion of mutation]
   167 | D        | Lost mutation: You have large cloven feet. [potion of mutation]
   167 | D        | Gained mutation: You are partially covered in yellow scales. (AC +2) [potion of mutation]
   167 | D        | Gained mutation: You are partially covered in rugged brown scales. (AC +1, +3% HP) [potion of mutation]
   198 | D        | Killed a white draconian scorcher
   237 | D        | Killed a white draconian scorcher
   257 | D        | Noticed a water elemental
   260 | D        | Killed a water elemental
   260 | D        | Reached skill level 10 in Spellcasting
   260 | D        | Reached skill level 5 in Conjurations
   260 | D        | Reached XP level 5. HP: 28/28 MP: 12/19
   267 | D        | Learned a level 5 spell: Fireball
   302 | D        | Found a radiant altar of Vehumet.
   303 | D        | Found a deep blue altar of Sif Muna.
   303 | D        | Found an ancient bone altar of Kikubaaqudgha.
   321 | D        | Became a worshipper of Vehumet
   369 | D        | Found a glowing silver altar of Zin.
   370 | D        | Found a glowing golden altar of the Shining One.
   370 | D        | Found a white marble altar of Elyvilon.
   370 | D        | Noticed a deep elf mage
   373 | D        | Killed from afar by a deep elf mage

Vault maps used:
D:        dungeon_sprint_mu

Skill      XL: |  1  2  3  4  5 |
---------------+----------------+-----
Spellcasting   | 6 8 10 | 10.8
Conjurations   | 3 4 5 6 |  6.1
Fire Magic     | 4 5 6 7 |  7.0
Dodging        | |  2.4
Stealth        | |  2.4

Action                   |  1- 3 |  4- 6 || total
-------------------------+-------+-------++-------
 Cast: Flame Tongue      |     9 |    10 ||    19
       Throw Flame       |       |     2 ||     2
       Conjure Flame     |       |     1 ||     1
       Sticky Flame      |       |     3 ||     3
  Use: Potion            |       |     5 ||     5
Armor: Robe              |       |     2 ||     2
Dodge: Dodged            |       |     2 ||     2

Table legend:
 A = Spawn XP
 B = Non-spawn XP
 C = Spawn XP percentage of total XP
 D = Spawn monster count
 E = Non-spawn monster count
 F = Spawn count percentage of total count
 G = Total turns spent on level
                    A         B        C        D         E        F      G
               +---------+---------+-------+---------+---------+-------+---------
         Total |       0 |     281 |   0.0 |       0 |       9 |   0.0 |   373
               +---------+---------+-------+---------+---------+-------+---------
             D |       0 |     281 |   0.0 |       0 |       9 |   0.0 |   373
               +---------+---------+-------+---------+---------+-------+---------
